Map: Ice and Chrome LE

Players

Arctur

  • Race: Terran Terran
  • Spawn Location: 7:00

BlyOnFire (Bly) - Winner!

  • Race: Zerg Zerg
  • Spawn Location: 1:00

Event: DreamHack SC2 Masters 2020 Fall

VOD

https://youtu.be/zzrVnzHFAvk

Description

Time

  • Played on: Aug. 26, 2020, noon
  • Length: 14:18

All games in this series

Show
View Real Time Build Order
Export as new Build Order

Arctur Terran 

Build Orders: Liberator Opening, Reaper Expand 

Get SALT Encoding   

  12  0:00  SCV  
  13  0:12  SCV  
  14  0:17  Supply Depot  
  14  0:24  SCV  
  15  0:38  SCV  
  15  0:39  Barracks  
  16  0:43  Refinery  
  16  0:50  SCV  
  17  1:03  SCV  
  18  1:15  SCV  
  19  1:26  Reaper  
  19  1:27  Orbital Command  
  20  1:40  Command Center  
  20  1:49  Supply Depot  
  20  1:52  SCV  
  21  1:58  Marine  
  22  2:04  SCV  
  22  2:08  Factory  
  22  2:15  Marine  
  22  2:16  SCV  
  22  2:21  Refinery  
  24  2:28  SCV  
  25  2:35  Barracks Reactor  
  25  2:40  SCV  
  26  2:53  SCV  
  27  2:59  Starport  
  27  3:03  Orbital Command  
  27  3:05  SCV  
  28  3:19  SCV  
  29  3:23  Hellion x2  
  32  3:28  SCV, Barracks Tech Lab  
  32  3:32  SCV  
  34  3:34  Command Center  
  34  3:40  Liberator  
  38  3:41  SCV  
  38  3:44  SCV  
  38  3:48  Hellion  
  41  3:51  Hellion  
  43  3:56  Supply Depot  
  43  3:58  SCV  
  43  3:59  SCV  
  45  4:02  Stimpack  
  45  4:10  SCV  
  46  4:18  SCV, Marauder  
  46  4:19  Supply Depot  
  46  4:22  SCV, Factory Reactor  
  50  4:29  Starport Reactor  
  50  4:30  SCV, Barracks  
  51  4:32  Barracks  
  51  4:34  SCV  
  52  4:39  Factory Tech Lab  
  52  4:41  Marauder  
  52  4:44  Bunker  
  52  4:45  Supply Depot  
  54  4:50  Orbital Command  
  54  4:55  Supply Depot  
  54  4:58  Engineering Bay  
  54  5:00  SCV, Siege Tank  
  54  5:03  SCV  
  59  5:12  Starport Reactor  
  59  5:13  SCV  
  60  5:15  SCV  
  60  5:17  SCV  
  60  5:22  Marauder, Marine x2  
  60  5:25  SCV  
  60  5:27  SCV  
  66  5:29  SCV  
  66  5:30  Engineering Bay  
  66  5:32  Engineering Bay  
  66  5:34  Marine x2  
  69  5:36  Supply Depot  
  69  5:41  SCV x2, Supply Depot  
  68  5:44  Marine x2  
  65  5:58  SCV x2, Marine  
  65  5:59  Terran Infantry Weapons Level 1, Terran Infantry Armor Level 1  
  65  6:02  Marine  
  65  6:03  Marauder, Orbital Command, Combat Shield  
  71  6:05  Marine x2  
  71  6:09  Refinery x2  
  73  6:15  Marine  
  73  6:16  Supply Depot x2  
  74  6:20  Marine  
  74  6:21  SCV x2  
  77  6:31  Supply Depot  
  77  6:37  SCV x2, Siege Tank  
  77  6:38  Missile Turret  
  77  6:39  Missile Turret  
  80  6:45  Marine x5  
  85  6:48  SCV, Missile Turret  
  85  6:49  SCV  
  85  6:52  Supply Depot  
  87  6:55  Medivac x2  
  87  6:59  SCV  
  92  7:02  SCV  
  92  7:04  Missile Turret, Marine x2  
  92  7:05  Marine x3  
  95  7:09  SCV  
  94  7:16  SCV x2  
  94  7:21  SCV, Widow Mine  
  94  7:22  Marine x4  
  93  7:28  SCV x2  
  93  7:31  Marine  
  92  7:38  SCV  
  92  7:39  Missile Turret  
  92  7:40  SCV, Marine x4  
  92  7:42  Widow Mine  
  98  7:45  SCV  
  98  7:48  Marine  
  98  7:50  SCV  
  100  7:52  SCV, Armory  
  100  7:57  SCV  
  102  7:59  Barracks x2  
  102  8:02  SCV  
  102  8:04  SCV  
  104  8:07  Supply Depot, Marine x2  
  104  8:08  Supply Depot, Marine x3  
  104  8:09  SCV  
  108  8:14  SCV  
  108  8:16  Supply Depot  
  108  8:17  Widow Mine  
  109  8:25  SCV, Marine  
  109  8:28  SCV, Marine x3  
  110  8:34  Marine  
  110  8:35  SCV  
  110  8:37  SCV  
  109  8:41  SCV  
  109  8:43  Marine  
  109  8:46  Marine x3  
  109  8:47  SCV  
  109  8:49  Medivac x2  
  109  8:50  SCV  
  109  8:52  Marine  
  109  8:54  SCV  
  115  8:59  SCV  
  115  9:00  Terran Infantry Armor Level 2, Terran Infantry Weapons Level 2  
  115  9:01  Marine  
  117  9:04  Marine x2  
  109  9:11  Marine x4, Siege Tank  
  109  9:16  SCV  
  113  9:19  Medivac x2  
  113  9:20  Marine  
  113  9:21  Marine x2  
  108  9:28  Marine  
  108  9:29  Marauder  
  108  9:30  Factory  
  109  9:32  Bunker  
  109  9:35  SCV  
  109  9:38  Marine x3  
  110  9:43  Siege Tank  
  110  9:45  Marine x2  
  112  9:51  Marauder  
  108  9:54  Marine  
  108  9:56  Marine x3  
  93  10:03  Marine x2  
  91  10:11  Command Center  
  91  10:12  Marauder  
  91  10:13  Supply Depot, Marine  
  91  10:14  Marine  
  97  10:15  Siege Tank  
  97  10:16  Barracks Reactor x2  
  98  10:22  Marine x2  
  98  10:26  Medivac x2  
  98  10:27  Supply Depot  
  98  10:28  Factory Tech Lab  
  104  10:31  Marine x2  
  104  10:32  Supply Depot  
  104  10:35  Marauder  
  108  10:37  Supply Depot  
  108  10:40  Marine  
  109  10:47  Siege Tank  
  109  10:49  Siege Tank  
  109  10:51  Marine x3  
  109  10:56  Marauder  
  114  10:57  Supply Depot  
  114  10:58  Marine  
  114  10:59  Marine  
  114  11:00  Marine x2  
  118  11:04  Supply Depot  
  118  11:15  Marine x2  
  118  11:16  Marine x2  
  122  11:18  Marine x2  
  122  11:19  Siege Tank  
  122  11:21  Siege Tank  
  122  11:22  Supply Depot  
  122  11:23  Marine  
  131  11:29  Marine  
  131  11:30  Marauder  
  132  11:33  Marine  
  131  11:46  Marine  
  132  11:51  Marauder, Siege Tank  
  132  11:53  Siege Tank  
  140  12:09  Marine x3  
  140  12:12  Marauder  
  134  12:17  Marine x2  
  134  12:18  Marine x2  
  134  12:22  Marine  
  131  12:23  Siege Tank  
  131  12:25  Siege Tank  
  131  12:27  Marine x2  
  131  12:28  Marine  
  132  12:34  Marauder  
  132  12:35  Marine x2  
  132  12:36  Marine x2  
  129  12:44  SCV  
  129  12:48  Marine x2  
  115  12:51  Marine x2  
  115  12:53  Marine x2  
  115  12:55  Marine x2  
  121  13:01  Orbital Command  
  121  13:10  Marine x2  
  121  13:11  Marine x3  
  123  13:14  Marine x2  
  123  13:17  Marine x2  
  127  13:22  SCV  
  119  13:33  Marine x4  
  97  13:37  Marine x2  
  97  13:38  Marine x3  
  97  13:39  Siege Tank  
  86  13:51  Marine x4  
  86  13:55  Marine  
Show
View Real Time Build Order
Export as new Build Order

BlyOnFire Zerg - Winner!

Build Orders: Pool First, Muta Ling Bane 

Get SALT Encoding   

  12  0:02  Drone  
  13  0:13  Overlord  
  13  0:17  Drone  
  14  0:31  Drone x2  
  16  0:41  Spawning Pool  
  15  0:44  Drone  
  15  0:48  Drone  
  17  1:03  Extractor  
  16  1:10  Hatchery  
  15  1:13  Drone  
  15  1:16  Drone  
  17  1:28  Zergling x2  
  17  1:29  Zergling x2  
  19  1:34  Queen  
  21  1:43  Overlord  
  21  1:51  Drone  
  22  2:05  Drone  
  22  2:06  Metabolic Boost  
  23  2:13  Drone  
  24  2:22  Queen  
  26  2:31  Overlord  
  25  2:38  Drone x2  
  25  2:39  Queen  
  25  2:42  Spore Crawler  
  28  2:47  Extractor  
  28  2:49  Drone x2  
  29  2:57  Overlord  
  30  3:00  Drone x3  
  34  3:19  Drone x2  
  34  3:20  Drone x3  
  36  3:31  Roach Warren, Drone x3  
  36  3:32  Drone  
  39  3:38  Lair  
  39  3:50  Drone x5  
  39  3:55  Extractor  
  43  3:56  Extractor  
  43  4:00  Overlord  
  42  4:10  Roach x5  
  52  4:26  Zergling x8  
  56  4:34  Extractor  
  55  4:41  Drone x5  
  60  4:45  Overlord  
  60  4:48  Spire  
  59  4:52  Spore Crawler  
  59  4:54  Overlord  
  58  5:03  Overlord  
  58  5:05  Drone x3  
  58  5:06  Overlord  
  61  5:13  Drone  
  62  5:22  Hatchery, Drone x5  
  62  5:25  Ravager  
  62  5:26  Ravager  
  66  5:43  Drone x6  
  72  5:50  Overlord  
  60  6:05  Mutalisk x3  
  60  6:08  Mutalisk x2  
  60  6:11  Mutalisk x2  
  74  6:18  Baneling Nest  
  74  6:20  Mutalisk  
  74  6:27  Mutalisk  
  74  6:29  Mutalisk  
  77  6:45  Drone x4  
  77  6:46  Drone x6  
  87  6:51  Glial Reconstitution  
  87  6:55  Queen  
  87  6:56  Queen, Evolution Chamber  
  90  7:05  Hatchery  
  83  7:19  Mutalisk x4  
  83  7:21  Zergling x16  
  97  7:30  Drone x2, Zerg Ground Armor Level 1  
  97  7:32  Drone  
  97  7:33  Extractor x2  
  98  7:39  Roach x4  
  106  7:58  Centrifical Hooks  
  106  8:01  Overlord x5  
  106  8:12  Overlord  
  105  8:13  Overlord  
  105  8:19  Roach x3  
  111  8:20  Overlord  
  109  8:28  Roach x9  
  126  8:35  Roach x4  
  132  8:43  Roach x3  
  131  8:51  Ravager  
  131  8:52  Ravager x2  
  131  8:53  Ravager x2  
  135  8:56  Zergling x10  
  135  9:02  Hatchery x2  
  138  9:04  Extractor  
  135  9:10  Drone x3  
  138  9:17  Evolution Chamber  
  138  9:22  Drone x4  
  141  9:26  Zerg Ground Armor Level 2  
  141  9:29  Ravager x2  
  143  9:32  Drone x6  
  143  9:35  Overlord  
  143  9:37  Overlord  
  148  9:38  Overlord  
  148  9:39  Overlord  
  148  9:42  Overlord  
  144  9:46  Overlord  
  144  9:47  Overlord  
  140  9:54  Roach  
  132  10:01  Roach x4  
  132  10:05  Overlord  
  140  10:07  Zerg Missile Weapons Level 1  
  140  10:16  Roach x5  
  140  10:21  Queen x3  
  150  10:23  Zergling x4  
  150  10:26  Zergling x8  
  162  10:35  Drone x6  
  167  10:40  Ravager  
  167  10:42  Baneling x4  
  167  10:55  Mutalisk x7  
  181  11:05  Hatchery  
  181  11:09  Pneumatized Carapace  
  181  11:10  Zergling x20  
  190  11:13  Overseer  
  190  11:15  Ravager  
  190  11:18  Zergling x8  
  194  11:22  Infestation Pit  
  192  11:35  Zergling x2  
  192  11:36  Zergling x14  
  192  11:39  Baneling x20  
  200  11:40  Overlord  
  200  11:43  Overlord  
  200  11:48  Overlord  
  200  11:51  Overlord  
  200  11:59  Hive  
  200  12:02  Zerg Melee Weapons Level 1  
  188  12:21  Overseer  
  180  12:27  Zergling x16  
  180  12:28  Zergling x38  
  185  12:34  Overlord  
  177  12:39  Ravager x6  
  169  12:53  Roach x11  
  169  12:57  Baneling x9  
  190  13:11  Roach x4  
  198  13:19  Ultralisk Cavern  
  197  13:22  Overlord  
  187  13:32  Zergling x32  
  175  13:39  Zergling x2  
  175  13:40  Zergling x14  
  172  13:48  Roach x5  
  172  13:55  Overseer  
  156  14:06  Ravager x2  
  156  14:07  Ravager x7  

Tags
 
Add a new tag
Caveats
  • Supply blocks, unpowered buildings, or Contaminate may cause inaccurate times.
  • Supply counts are checked every 10 seconds.